 Dungeon Crawl Stone Soup version 0.29.1-14-g9c671dbff4 (webtiles) character file.

Game seed: 8095807590384600779

636 H0rd4k the Insei (level 7, 0/48 HPs)
             Began as an Octopode Artificer on Feb 17, 2023.
             Was an Initiate of Gozag.
             Slain by a gnoll bouda
             ... wielding a +0 club
              (1 damage)
             ... on level 5 of the Dungeon.
             The game lasted 00:05:34 (7178 turns).

H0rd4k the Insei (Octopode Artificer)               Turns: 7178, Time: 00:05:35

Health: 0/48       AC:  1    Str: 12    XL:     7   Next: 50%
Magic:  11/11      EV: 13    Int: 15    God:    Gozag
Gold:   173        SH:  0    Dex: 12    Spells: 12/12 levels left

rFire   . . .      SeeInvis .     - Unarmed
rCold   . . .      Faith    .   (no shield)
rNeg    . . .      Spirit   .   (helmet restricted)
rPois   .          Reflect  .   (no amulet)
rElec   .          Harm     .   (no ring)
rCorr   .          Rampage  .   (no ring)
Will    .....                   (no ring)
Stlth   +++.......              (no ring)
HPRegen 0.16/turn               (no ring)
MPRegen 0.12/turn               (no ring)
                                (no ring)
                                (no ring)

@: weakened
A: almost no armour, amphibious, 8 rings, camouflage 1, gelatinous body 1,
(nimble swimmer 1), tentacles
a: Renounce Religion, Potion Petition, Call Merchant, Bribe Branch


You were on level 5 of the Dungeon.
You worshipped Gozag.
Gozag was aware of your devotion.
You visited 1 branch of the dungeon, and saw 5 of its levels.

You collected 249 gold pieces.
You paid 76 gold pieces to Gozag.

Inventory:

Hand Weapons
 w - a +6 club
Missiles
 d - a throwing net
 z - 7 poisoned darts
Magical Staves
 i - a staff of earth
 y - a staff of conjuration
Scrolls
 b - a scroll of brand weapon {unknown}
 e - 4 scrolls of identify {unknown}
 f - 4 scrolls of amnesia {unknown}
 g - a scroll of enchant armour {unknown}
 j - a scroll of acquirement {unknown}
 k - 3 scrolls of butterflies {unknown}
 l - a scroll of blinking {unknown}
 n - 2 scrolls of vulnerability {unknown}
 p - a scroll of teleportation {unknown}
 q - 3 scrolls of silence {unknown}
 r - a scroll of magic mapping {unknown}
Potions
 a - a potion of resistance {unknown}
 h - 2 potions of brilliance {unknown}
 m - 4 potions of curing {unknown}
 o - 2 potions of cancellation {unknown}
 s - 2 potions of mutation {unknown}
 t - 3 potions of berserk rage {unknown}
 u - a potion of magic {unknown}
 v - a potion of heal wounds {unknown}
 x - a potion of invisibility {unknown}


   Skills:
 * Level 4.1 Fighting
 - Level 2.3 Dodging
 - Level 1.3 Stealth
 + Level 5.2 Unarmed Combat
 * Level 3.3 Spellcasting
 - Level 3.2 Evocations


You had 12 spell levels left.
You didn't know any spells.
Your spell library contained the following spells:

 Spells                   Type           Power      Damage    Failure   Level
 Magic Dart               Conj           8%         1d3       21%         1
 Searing Ray              Conj           4%         2d4       30%         2
 Gell's Gravitas          Tloc           2%         N/A       52%         3
 Lesser Beckoning         Tloc           2%         N/A       52%         3
 Stone Arrow              Conj/Erth      4%         3d7       52%         3
 Teleport Other           Tloc           2%         N/A       52%         3
 Fulminant Prism          Conj/Hex       1%         3d6       89%         4
 Lehudib's Crystal Spear  Conj/Erth      1%         10d2      100%        8
 Animate Armour           Summ/Erth      Unusable   N/A       N/A         4

Dungeon Overview and Level Annotations

Branches:
Dungeon (5/15)
 Temple: D:4-7

Altars:
Gozag
Okawaru
Qazlal
Vehumet
The Shining One

Annotations:
D:3 exclusion: 2 downstairs
D:5 Dowan


Innate Abilities, Weirdness & Mutations

You cannot wear most types of armour.
You are amphibious.
You can wear up to eight rings at the same time.
Your skin changes colour to match your surroundings (Stealth+).
Your rubbery body absorbs attacks. (AC +1, EV +1)
((You are camouflaged when in or above water. (Stealth+)))
You have tentacles for arms and can constrict up to eight enemies at once.


Message History

Things that are here:
10 gold pieces; a +0 club; a +0 flail The quokka attacks as you move away!
The quokka bites you.
Your attacks no longer feel as feeble.
You tentacle-slap the gnoll bouda. Your grab misses the gnoll bouda.
The gnoll bouda is lightly wounded.
The quokka is no longer distracted by gold.
The gnoll hits you from afar with a +0 spear!
The gnoll bouda hits you with a +0 club.
The gnoll barely misses you.
The gnoll bouda gazes fiercely through you!
You feel your attacks grow feeble. The quokka closely misses you.
The gnoll bouda attacks as you move away!
The gnoll bouda hits you with a +0 club!
* * * LOW HITPOINT WARNING * * *
The quokka attacks as you move away! The quokka barely misses you.
The gnoll hits you with a +0 spear.
* * * LOW HITPOINT WARNING * * *
The gnoll closely misses you.
The gnoll is distracted by your dazzling golden aura.
Your attacks no longer feel as feeble.
The gnoll barely misses you.
The gnoll bouda gazes fiercely through you!
You feel your attacks grow feeble.
Aiming: Charm
Press: ? - help, Shift-Dir - straight line, f - gnoll bouda
Aim: a gnoll bouda, wielding a +0 club and wearing a +0 leather armour (lightly wounded, chance to affect: 57%)
The gnoll bouda resists with significant effort.
The gnoll shouts!
The gnoll bouda hits you with a +0 club!
* * * LOW HITPOINT WARNING * * *
Aiming: Charm
Press: ? - help, Shift-Dir - straight line, f/p - gnoll bouda
Aim: a gnoll bouda, wielding a +0 club and wearing a +0 leather armour (lightly wounded, chance to affect: 57%)
The gnoll bouda resists with significant effort.
The now-empty wand crumbles to dust.
The gnoll is no longer moving quickly.
The gnoll bouda hits you with a +0 club.
You die...
Your body crumbles into a pile of gold.

### ## #####.. .##
.......###..####..
.#.#.#.$.g#......#
.......##..#####.#
.#.#.#....g#......
........##r#.#####
.#.#.#.. #g#.#####
....... #@#......
###.### #.#######
#. #.##.#
#.#####....#
##.........##
..###...#..##
...#.#####..##
#.....###..# ..
#......#.####


You could see a gnoll bouda, 2 gnolls and a quokka.

Vanquished Creatures
  A water moccasin (D:4)
  Duvessa (D:4)
  Blork the orc (D:4)
  A scorpion (D:4)
  A hound (D:5)
  An orc priest (D:3)
  A jelly (D:5)
  Jessica (D:3)
  2 iguanas (D:4)
  2 gnolls (D:5)
  3 adders
  An ufetubus (D:5)
  2 worms
  A dart slug (D:2)
  4 orcs (D:3)
  4 bats (D:2)
  4 endoplasms
  5 giant cockroaches
  9 goblins
  5 hobgoblins
  2 kobolds (D:2)
  A quokka (D:1)
  6 ball pythons
  3 frilled lizards
  4 rats
66 creatures vanquished.

Vanquished Creatures (collateral kills)
  An adder (D:4)
  A giant cockroach (D:4)
  2 hobgoblins (D:4)
  A quokka (D:4)
5 creatures vanquished.

Vanquished Creatures (others)
  An ogre (D:4)
  An adder (D:4)
2 creatures vanquished.

Grand Total: 73 creatures vanquished

Notes
Turn   | Place    | Note
-------+----------+-------------------------------------------
     0 | D:1      | H0rd4k the Octopode Artificer began the quest for the Orb.
     0 | D:1      | Reached XP level 1. HP: 13/13 MP: 1/1
   906 | D:1      | Reached XP level 2. HP: 19/19 MP: 2/2
  1616 | D:2      | Reached skill level 1 in Spellcasting
  1706 | D:2      | Reached XP level 3. HP: 18/24 MP: 4/4
  1888 | D:2      | Found a radiant altar of Vehumet.
  2435 | D:2      | Reached skill level 1 in Unarmed Combat
  3323 | D:3      | Reached XP level 4. HP: 19/30 MP: 6/6
  3331 | D:3      | Reached skill level 2 in Unarmed Combat
  3571 | D:3      | Noticed Jessica
  3578 | D:3      | Killed Jessica
  3579 | D:3      | Reached XP level 5. HP: 20/36 MP: 6/8
  3907 | D:4      | Noticed Blork the orc
  3977 | D:4      | HP: 1/36 [iguana (11)]
  4414 | D:4      | Noticed an ogre
  4496 | D:4      | Reached skill level 3 in Unarmed Combat
  4496 | D:4      | Reached XP level 6. HP: 31/42 MP: 9/9
  4500 | D:4      | Killed Blork the orc
  4779 | D:4      | Found a stormy altar of Qazlal.
  4916 | D:4      | Found a glowing golden altar of the Shining One.
  4957 | D:4      | Noticed a water moccasin
  4976 | D:4      | Reached skill level 4 in Unarmed Combat
  5110 | D:4      | Killed a water moccasin
  5111 | D:4      | Reached XP level 7. HP: 43/47 MP: 11/11
  5232 | D:4      | Noticed Dowan
  5233 | D:4      | Noticed Duvessa
  5248 | D:4      | Killed Duvessa
  5713 | D:5      | Entered Level 5 of the Dungeon
  5849 | D:5      | Reached skill level 5 in Unarmed Combat
  6187 | D:5      | Found an iron altar of Okawaru.
  6206 | D:5      | Found an opulent altar of Gozag.
  6294 | D:5      | Became a worshipper of Gozag Ym Sagoz the Greedy
  7177 | D:5      | HP: 1/48 [gnoll bouda/+0 club (9)]
  7178 | D:5      | Slain by a gnoll bouda

Illustrated notes

Levels and vault maps discovered:
D:1:      scummos_arrival_gate, layout_basic
D:2:      layout_basic, basic_altar
D:3:      layout_basic, uniq_jessica
D:4:      layout_cave_pods, amethyst_overflow_temple_binary, uniq_duvessa,
          uniq_blork_the_orc
D:5:      nicolae_BIG_FREAKIN_CUBE, layout_rooms,
          mainiacjoe_overflow_tiny_flanked, lemuel_doored_altar, serial_shops,
          nicolae_lakefront_shop, serial_co_window_serial, co_window_corner_a,
          co_window_of_opportunity_a, co_window_corner_a,
          co_window_of_opportunity_a, co_window_of_opportunity_a,
          co_window_cross_3, co_window_of_opportunity_b, co_window_cross_3,
          co_window_of_opportunity_b, co_window_paths_d, glass_columns_a,
          glass_columns_c, glass_columns_a, glass_columns_b

Skill      XL: |  1  2  3  4  5  6  7 |
---------------+----------------------+-----
Fighting       | 2 3 4 |  4.1
Spellcasting   | 1 2 3 |  3.3
Unarmed Combat | 1 2 3 4 5 |  5.2
Dodging        | |  2.3
Stealth        | |  1.3
Evocations     | |  3.2

Action                   |  1- 3 |  4- 6 |  7- 9 || total
-------------------------+-------+-------+-------++-------
Melee: Unarmed           |   105 |    49 |    35 ||   189
       Constrict         |    28 |    14 |     8 ||    50
       Tentacles         |    29 |    16 |    11 ||    56
       Punch             |       |     5 |     1 ||     6
Evoke: Wand              |       |    22 |    13 ||    35
 Stab: Sleeping          |     4 |     1 |     1 ||     6
       Distracted        |       |       |     1 ||     1
Armor: Skin              |    10 |     4 |     2 ||    16
Dodge: Dodged            |    65 |    24 |    32 ||   121
